Map: Acropolis LE

Players

MaNa - Winner!

  • Race: Protoss Protoss
  • Spawn Location: 5:00

BratOK (Brat_OK)

  • Race: Terran Terran
  • Spawn Location: 11:00

Event: 2019 WCS Summer

VOD

Have the link to the VOD?

Description

Time

  • Played on: July 12, 2019, 6:55 a.m.
  • Length: 7:20

All games in this series

Show
View Real Time Build Order
Export as new Build Order

MaNa Protoss - Winner!

Build Orders: 1 Gate Expand, Phoenix Opening, Blink Stalkers 

Get SALT Encoding   

  12  0:00  Probe  
  13  0:12  Probe  
  14  0:18  Pylon  
  14  0:24  Probe  
  15  0:32  Probe  
  15  0:38  Gateway  
  15  0:40  Probe  
  16  0:48  Assimilator  
  17  0:51  Probe  
  18  1:03  Probe  
  19  1:15  Probe  
  20  1:25  Cybernetics Core  
  20  1:33  Nexus  
  20  1:38  Probe  
  21  1:42  Pylon  
  20  1:48  Assimilator  
  20  1:51  Probe  
  20  1:52  Adept  
  21  2:03  Probe  
  24  2:13  Warp Gate  
  24  2:15  Probe  
  27  2:23  Sentry  
  27  2:27  Probe  
  28  2:37  Probe  
  28  2:41  Probe  
  28  2:43  Twilight Council  
  29  2:45  Probe  
  29  2:49  Probe  
  31  2:52  Stalker  
  31  2:54  Probe  
  35  3:04  Gateway  
  35  3:05  Gateway  
  35  3:06  Probe  
  35  3:08  Blink  
  35  3:11  Probe  
  37  3:19  Probe  
  38  3:23  Probe  
  39  3:32  Probe  
  38  3:35  Probe  
  38  3:36  Robotics Facility  
  39  3:44  Probe  
  39  3:47  Probe  
  41  3:51  Nexus  
  41  3:56  Pylon  
  41  3:57  Probe, Phoenix  
  41  3:59  Probe  
  43  4:04  Stalker  
  45  4:10  Pylon  
  45  4:14  Stalker  
  45  4:15  Stalker  
  49  4:18  Probe x2  
  49  4:21  Assimilator  
  52  4:24  Observer  
  52  4:27  Stalker  
  52  4:30  Pylon  
  54  4:31  Probe  
  54  4:33  Probe  
  54  4:38  Stalker  
  58  4:48  Stalker, Shield Battery  
  60  4:53  Stalker  
  60  4:56  Probe x2  
  64  5:02  Pylon  
  64  5:03  Probe  
  64  5:05  Stalker  
  66  5:08  Probe  
  67  5:21  Stalker x2  
  69  5:22  Probe x2  
  69  5:23  Observer  
  69  5:26  Probe  
  73  5:28  Charge  
  73  5:34  Probe  
  74  5:38  Gateway  
  74  5:39  Probe x2  
  74  5:40  Gateway  
  74  5:41  Gateway  
  76  5:43  Probe  
  76  5:44  Observer  
  76  5:45  Shield Battery  
  76  5:47  Probe  
  77  5:50  Probe  
  77  5:51  Probe  
  77  5:54  Warp Prism  
  82  6:01  Zealot x3  
  88  6:04  Assimilator  
  88  6:05  Probe x2  
  88  6:06  Probe  
  91  6:25  Stalker x2  
  93  6:28  Assimilator  
  93  6:31  Pylon  
  93  6:32  Pylon  
  93  6:36  Observer  
  93  6:39  Pylon  
  93  6:40  Pylon  
  93  6:43  Gateway x2  
  93  6:49  Probe x3  
  93  6:50  Templar Archives  
  96  6:54  Zealot x2  
  96  6:55  Zealot x4  
  95  7:18  Zealot x5  
  95  7:19  Zealot  
Show
View Real Time Build Order
Export as new Build Order

BratOK Terran 

Build Orders: 2 Factory, Mech 

Get SALT Encoding   

  12  0:00  SCV  
  13  0:13  SCV  
  14  0:17  Supply Depot  
  14  0:25  SCV  
  15  0:38  SCV  
  15  0:40  Barracks  
  16  0:44  Refinery  
  16  0:50  SCV  
  17  1:03  SCV  
  18  1:15  SCV  
  19  1:28  Orbital Command, Barracks Reactor  
  19  1:41  Command Center  
  19  1:47  Supply Depot  
  19  1:53  SCV  
  20  2:04  Factory  
  20  2:07  SCV  
  20  2:08  Marine  
  22  2:10  Marine  
  22  2:15  Refinery  
  23  2:19  SCV  
  24  2:25  Marine  
  24  2:27  Marine  
  26  2:32  Bunker  
  26  2:34  SCV  
  27  2:49  Factory  
  27  2:50  SCV  
  28  2:55  Marine  
  28  2:56  Orbital Command  
  29  3:13  Hellion x2  
  33  3:21  SCV  
  32  3:30  SCV  
  32  3:33  SCV  
  34  3:37  Factory Tech Lab  
  34  3:43  SCV  
  34  3:45  SCV  
  38  3:48  Widow Mine  
  38  3:49  Widow Mine  
  38  3:55  SCV  
  41  3:58  Supply Depot  
  41  4:00  SCV  
  42  4:07  SCV  
  45  4:10  Widow Mine  
  45  4:15  Marine  
  45  4:16  Supply Depot  
  46  4:20  Siege Tank, SCV x2  
  46  4:24  Widow Mine  
  53  4:29  Supply Depot  
  53  4:32  SCV  
  53  4:37  Marine  
  53  4:38  Widow Mine, SCV  
  58  4:40  Supply Depot  
  58  4:45  Widow Mine  
  60  4:46  SCV  
  60  4:50  SCV  
  62  4:57  Supply Depot  
  62  4:58  Siege Tank  
  65  5:00  SCV  
  65  5:03  Hellion  
  65  5:04  SCV  
  65  5:06  Hellion  
  67  5:18  SCV x2  
  65  5:26  Command Center  
  62  5:30  Siege Tank, SCV  
  64  5:38  Factory  
  64  5:41  SCV  
  64  5:48  Hellion x2  
  64  5:49  SCV  
  69  5:53  SCV  
  69  5:56  Barracks Reactor  
  70  5:57  Factory  
  70  6:00  Supply Depot  
  70  6:01  SCV, Factory  
  70  6:02  Siege Tank  
  74  6:04  Engineering Bay  
  74  6:07  SCV  
  75  6:12  Refinery  
  75  6:15  SCV  
  75  6:16  Hellion x2  
  80  6:20  SCV  
  77  6:26  Factory Tech Lab  
  77  6:27  SCV  
  77  6:28  Refinery  
  77  6:32  SCV  
  75  6:39  Orbital Command, SCV  
  76  6:44  SCV  
  76  6:46  Factory Tech Lab, Missile Turret  
  77  6:51  SCV  
  78  7:07  SCV x2  
Tags
 
Add a new tag
Caveats
  • Supply blocks, unpowered buildings, or Contaminate may cause inaccurate times.
  • Supply counts are checked every 10 seconds.